 Dungeon Crawl Stone Soup version 0.28-a0-779-g3d1f99b579 (webtiles) character file.

Game seed: 12412337466696427018

102 kae the Chopper (level 4, -21/40 HPs)
             Began as a Hill Orc Cinder Acolyte on Nov 2, 2021.
             Was a High Priest of Ignis.
             Demolished by an ogre (27 damage)
             ... on level 6 of the Dungeon.
             The game lasted 00:02:26 (2418 turns).

kae the Chopper (Hill Orc Cinder Acolyte)           Turns: 2418, Time: 00:02:27

Health: -21/40     AC:  2    Str: 17    XL:     4   Next: 77%
Magic:  0/6        EV: 11    Int: 14    God:    Ignis [*****.]
Gold:   57         SH:  0    Dex:  6    Spells: 3/6 levels left

rFire   + . .      SeeInvis .   a - +0 hand axe (flame)
rCold   . . .      Faith    .   (no shield)
rNeg    . . .      Spirit   .   b - +0 robe
rPois   .          Reflect  .   (no helmet)
rElec   .          Harm     .   (no cloak)
rCorr   .          Rampage  .   (no gloves)
Will    .....                   (no boots)
Stlth   +.........              (no amulet)
HPRegen 0.13/turn               (no ring)
MPRegen 0.10/turn               (no ring)

@: very slightly contaminated
A: no striking features
a: Renounce Religion, Sea of Fire, Foxfire Swarm, Rising Flame


You were on level 6 of the Dungeon.
You worshipped Ignis.
Ignis was extremely pleased with you.
You visited 1 branch of the dungeon, and saw 4 of its levels.

You collected 57 gold pieces.

Inventory:

Hand Weapons
 a - a +0 hand axe of flaming (weapon)
Missiles
 l - a throwing net (quivered)
Armour
 b - a +0 robe (worn)
Jewellery
 c - an amulet of reflection
 d - a +6 ring of strength
 h - a +4 ring of protection
Scrolls
 k - a scroll of enchant weapon
 m - a scroll of identify
Potions
 e - a potion of curing {unknown}
 f - a potion of attraction
 g - a potion of might
 i - a potion of degeneration {unknown}
 j - a potion of heal wounds {unknown}


   Skills:
 + Level 4.3 Fighting
 * Level 5.4 Axes
 + Level 1.6 Spellcasting
 + Level 4.0 Fire Magic


You had 3 spell levels left.
You knew the following spells:

 Your Spells              Type           Power      Damage    Failure   Level
a - Scorch                Fire           24%        2d6       7%          2
b - Foxfire               Conj/Fire      24%        2x1d5     11%         1

Your spell library contained the following spells:

 Spells                   Type           Power      Damage    Failure   Level
 Magic Dart               Conj           4%         1d3       26%         1
 Conjure Flame            Conj/Fire      6%         6-21      32%         3
 Inner Flame              Hex/Fire       6%         N/A       32%         3
 Searing Ray              Conj           2%         2d4       36%         2
 Flame Wave               Conj/Fire      6%         3d4       73%         4
 Fulminant Prism          Conj/Hex       0%         3d6       94%         4


Dungeon Overview and Level Annotations

Branches:
Dungeon (3/15)

Altars:

Shops:
D:2 (


Message History

Magic restored.
l - a throwing net
m - a scroll of identify An ogre comes into view.
It is wielding a +0 giant club.
The ogre shouts!
Casting: Scorch (safe; 7% risk of failure)
Confirm with . or Enter, or press ? or * to list all spells.
You conjure some foxfire!
The foxfire hits the ogre.
The ogre is lightly wounded.
The foxfire hits the ogre.
The ogre is lightly wounded.
The ogre hits you with a +0 giant club!!
Ouch! That really hurt!
Casting: Foxfire (safe; 11% risk of failure)
Confirm with . or Enter, or press ? or * to list all spells.
Flames lash the ogre.
The ogre is heavily wounded.
The ogre's fire resistance burns away.
The ogre hits you with a +0 giant club!
* * * LOW HITPOINT WARNING * * *
The ogre misses you.
Casting: Scorch (safe; 7% risk of failure)
Confirm with . or Enter, or press ? or * to list all spells.
You miscast Scorch.
You are very lightly contaminated with residual magic.
Nothing appears to happen.
Casting: Scorch (safe; 7% risk of failure)
Confirm with . or Enter, or press ? or * to list all spells.
You don't have enough magic to cast this spell.
Okay, then.
The ogre is no longer more vulnerable to fire.
The ogre misses you.
Casting: Scorch (safe; 7% risk of failure)
Confirm with . or Enter, or press ? or * to list all spells.
Flames lash the ogre.
The ogre is severely wounded.
The ogre's fire resistance burns away.
The ogre hits you with a +0 giant club!!
Ouch! That really hurt!
You die...

#........... ##..........
........... ..........
.........# # .........# #..
#.#########.# #########
#........##.#
#.......####@.......##.######
#...........O................
#...........)................
#............................
#..............#####.........
##..............# ###.#.#...
#...............# #.#.#...
#......####.#.#[# #.#.#...
#...#### #.#...# #.#.....


You could see an ogre (combustible).

Vanquished Creatures
  A howler monkey zombie (D:6)
  2 adders
  A gnoll (D:1)
  2 worms (D:2)
  A dart slug (D:2)
  4 ball pythons
  10 bats
  3 endoplasms
  A giant cockroach (D:2)
  6 goblins
  4 hobgoblins
  4 quokkas
  6 frilled lizards
  7 kobolds
  6 rats
58 creatures vanquished.

Vanquished Creatures (others)
  34 foxfires
34 creatures vanquished.

Grand Total: 92 creatures vanquished

Notes
Turn   | Place    | Note
-------+----------+-------------------------------------------
     0 | D:1      | kae the Hill Orc Cinder Acolyte began the quest for the
                  | Orb.
     0 | D:1      | Reached XP level 1. HP: 19/19 MP: 2/2
     4 | D:1      | Noticed an electric eel
    38 | D:1      | Reached XP level 2. HP: 8/27 MP: 3/3
   243 | D:1      | Learned a level 2 spell: Scorch
   274 | D:1      | Learned a level 1 spell: Foxfire
   479 | D:1      | Reached XP level 3. HP: 26/33 MP: 0/4
   926 | D:2      | Found Seith's Weapon Emporium.
   940 | D:2      | Found a faded altar of an unknown god.
  1195 | D:2      | Reached skill level 5 in Axes
  1443 | D:2      | Reached XP level 4. HP: 40/40 MP: 2/6
  2296 | D:3      | You fall into a shaft and drop 3 floors!
  2399 | D:6      | Noticed an ogre
  2418 | D:6      | Demolished by an ogre

Illustrated notes

Levels and vault maps discovered:
D:1:      arrival_aquarium_a, layout_basic
D:2:      minmay_angry_zag, layout_rooms, hellmonk_ecumenical_altar_arch_garden,
          serial_shops, shop_fountains
D:3:      layout_loops_ring, uniq_jessica
D:6:      layout_basic, fedhas_altar_4, grunt_qazlal_sundering

Skill      XL: |  1  2  3  4 |
---------------+-------------+-----
Fighting       | 4 |  4.3
Axes           | 5 |  5.4
Fire Magic     | 4 |  4.0
Spellcasting   | |  1.6

Action                   |  1- 3 |  4- 6 || total
-------------------------+-------+-------++-------
Melee: Hand axe          |    60 |    24 ||    84
 Cast: Foxfire           |    16 |     4 ||    20
       Scorch            |     9 |    15 ||    24
  Use: Scroll            |     6 |     3 ||     9
Armor: Robe              |    10 |     7 ||    17
Dodge: Dodged            |    40 |    27 ||    67

Table legend: (Time is in decaauts)
 A = Elapsed time spent in this place.
 B = Non-inter-level travel time spent in this place.
 C = Inter-level travel time spent in this place.
 D = Time resting spent in this place.
 E = Time spent auto-exploring this place.
 F = Levels seen in this place.
 G = Mean time per level.
                   A        B        C        D        E       F      G
               +--------+--------+--------+--------+--------+-----+--------+
         Total |   2423 |   2367 |     56 |    352 |   1670 |   4 |  605.8 |
       Dungeon |   2423 |   2367 |     56 |    352 |   1670 |   4 |  605.8 |
               +--------+--------+--------+--------+--------+-----+--------+

Top non-repeatable levels by time:
     D:2: 1204 daAuts
     D:1: 928 daAuts
     D:3: 168 daAuts
     D:6: 121 daAuts
